 Dungeon Crawl Stone Soup version 0.29.0-4-gdea44cf6ec (webtiles) character file.

Game seed: 10065550452409948194

219 qw the Chopper (level 5, -2/30 HPs)
             Began as a Tengu Warper on Aug 28, 2022.
             Succumbed to an orc's poison
             ... on level 4 of the Dungeon.
             The game lasted 00:00:17 (4106 turns).

qw the Chopper (Tengu Warper)                       Turns: 4106, Time: 00:00:18

Health: -2/30      AC:  3    Str: 14    XL:     5   Next: 96%
Magic:  9/9        EV: 14    Int: 13    God:
Gold:   163        SH:  0    Dex: 13    Spells: 8/8 levels left

rFire   . . .      SeeInvis .   Y - +0 hand axe
rCold   . . .      Faith    .   (no shield)
rNeg    . . .      Spirit   .   b - +0 leather armour
rPois   .          Reflect  .   (helmet restricted)
rElec   .          Harm     .   (no cloak)
rCorr   .          Rampage  .   (no gloves)
Will    .....                   (boots unavailable)
Stlth   +.........              (no amulet)
HPRegen 0.10/turn               (no ring)
MPRegen 0.11/turn               (no ring)

@: lethally poisoned (-2 -> -15), about to teleport, flying quickly and
evasively, quick
A: beak, talons 3, nimble flight
a: no special abilities


You were on level 4 of the Dungeon.
You visited 1 branch of the dungeon, and saw 4 of its levels.

You collected 163 gold pieces.


Innate Abilities, Weirdness & Mutations

You have a beak for a mouth.
You have claws for feet.
Your magical nature lets you fly swiftly and evasively.


   Skills:
 - Level 2.0 Fighting
 + Level 6.6 Axes
 - Level 1.0 Throwing
 - Level 1.1 Armour
 - Level 2.1 Dodging
 - Level 2.0 Spellcasting
 - Level 2.4 Translocations


You had 8 spell levels left.
You didn't know any spells.
Your spell library contained the following spells:

 Spells                   Type           Power      Damage    Failure   Level
 Blink                    Tloc           14%        N/A       19%         2
 Gell's Gravitas          Tloc           7%         N/A       34%         3
 Lesser Beckoning         Tloc           7%         N/A       34%         3
 Teleport Other           Tloc           7%         N/A       34%         3
 Manifold Assault         Tloc           7%         N/A       97%         5

Inventory:

Hand Weapons
 c - a +0 whip
 Y - a +0 hand axe (weapon)
Armour
 b - a +0 leather armour (worn)
Scrolls
 a - a scroll of identify
 l - 3 scrolls of teleportation
Potions
 d - a potion of flight {unknown}
 e - a potion of heal wounds {unknown}
 h - 3 potions of curing
 j - a potion of attraction {unknown}

Dungeon Overview and Level Annotations

Branches:
Dungeon (4/15)
 Temple: D:4-7

Altars:


Message History

The orc priest shouts!
You hear a shout!
An orc comes into view. It is wielding a +0 hand axe.
An orc comes into view. It is wielding a +0 mace.
4095 ||| Stepping ~*~*~tactically~*~*~ (hiding).
You hit the orc.
The orc is lightly wounded.
The orc hits you with a +0 whip.
You hit the orc. Your kick misses the orc.
The orc is almost dead.
The orc closely misses you.
You hit the orc.
You kill the orc!
You hit the orc priest. You claw the orc priest. You peck the orc priest.
The orc priest is almost dead.
The orc priest hits you with a +0 war axe.
You closely miss the orc priest. You claw the orc priest.
You kill the orc priest!
You completely miss the orc. Your kick misses the orc.
You peck the orc, but do no damage. The orc barely misses you.
You closely miss the orc. You barely miss the orc.
The orc hits you with a +0 whip of venom.
You are poisoned.
You barely miss the orc. You claw the orc. Your peck misses the orc.
The orc is heavily wounded.
You barely miss the orc.
You feel very sick. The orc closely misses you.
The orc hits you with a +0 whip of venom.
You are lethally poisoned!
You hit the orc but do no damage. Your peck misses the orc.
The orc is heavily wounded.
You barely miss the orc. x2
You feel very sick.
The orc hits you with a +0 whip of venom.
The orc closely misses you. The orc misses you.
4106 ||| READING 4 scrolls of teleportation.
As you read the scroll of teleportation, it crumbles to dust.
You feel strangely unstable.
You die...

.........#########.####.........#
#..#####.########..# #.........#
#..# #..##......## #.........#
...# ##.#..#...## ###########
#..# ##.#%##...# ...# #..).##...#
..........####...# ........#.#
#...# .....##.... #.o@#
.....####.. #.oo# ...... ##..
#.[.....ooo <... ..............
......##...#... ...... .### ..
...... .# ....#. .# .... .#


You could see 3 orcs.

Vanquished Creatures
  A scorpion (D:4)
  A jelly (D:4)
  An orc priest (D:4)
  5 adders
  2 dart slugs
  An orc (D:4)
  8 endoplasms
  3 giant cockroaches
  4 goblins
  6 hobgoblins
  2 jackals
  6 kobolds
  3 ball pythons (D:3)
  5 bats
  A frilled lizard (D:3)
  6 rats
55 creatures vanquished.

Notes
Turn   | Place    | Note
-------+----------+-------------------------------------------
     0 | D:1      | qw the Tengu Warper began the quest for the Orb.
     0 | D:1      | Reached XP level 1. HP: 12/12 MP: 4/4
     0 | D:1      | 0 ||| qw: Version: 0.1-a-89-g26bdef1
     0 | D:1      | 0 ||| qw: Game counter: 1633
     0 | D:1      | 0 ||| qw: Always use a shield: true
     0 | D:1      | 0 ||| qw: God list: Okawaru
     0 | D:1      | 0 ||| qw: Allow faded altars: false
     0 | D:1      | 0 ||| qw: Do Orc after D:15 true
     0 | D:1      | 0 ||| qw: Do second Lair branch before Depths: true
     0 | D:1      | 0 ||| qw: Lair rune preference: random
     0 | D:1      | 0 ||| qw: Plans: Normal
     0 | D:1      | 0 ||| PLANNING D:1-11
   289 | D:1      | Reached XP level 2. HP: 17/17 MP: 6/6
   316 | D:1      | Reached skill level 3 in Axes
   416 | D:1      | Found a faded altar of an unknown god.
   887 | D:1      | 887 ||| DROPPING orb of light.
   888 | D:1      | 888 ||| READING 2 scrolls labelled CYASOC HOLOIR.
   889 | D:1      | 889 ||| READING scroll labelled RELUQA VYESASUZUPH.
   890 | D:1      | 890 ||| READING 4 scrolls labelled AGHENG EZIFAI.
   895 | D:1      | 895 ||| READING scroll labelled IWUDAWO XYIS.
   896 | D:1      | 896 ||| READING scroll labelled CULOIH TUKK.
   897 | D:1      | 897 ||| DRINKING 2 cyan potions.
   898 | D:1      | 898 ||| DROPPING scroll of blinking.
  1034 | D:2      | 1034 ||| Stepping ~*~*~tactically~*~*~ (hiding).
  1044 | D:2      | 1044 ||| FLEEEEING.
  1271 | D:2      | 1271 ||| DROPPING +0 club.
  1292 | D:2      | 1292 ||| Stepping ~*~*~tactically~*~*~ (stealth).
  1294 | D:2      | 1294 ||| Stepping ~*~*~tactically~*~*~ (stealth).
  1295 | D:2      | 1295 ||| Stepping ~*~*~tactically~*~*~ (stealth).
  1299 | D:2      | 1299 ||| Stepping ~*~*~tactically~*~*~ (stealth).
  1305 | D:2      | 1305 ||| FLEEEEING.
  1306 | D:2      | 1306 ||| FLEEEEING.
  1540 | D:2      | Reached skill level 4 in Axes
  1540 | D:2      | Reached XP level 3. HP: 13/21 MP: 7/7
  1646 | D:2      | 1646 ||| FLEEEEING.
  1667 | D:2      | 1667 ||| FLEEEEING.
  1668 | D:2      | 1668 ||| FLEEEEING.
  1780 | D:2      | 1780 ||| Stepping ~*~*~tactically~*~*~ (stealth).
  1781 | D:2      | 1781 ||| Stepping ~*~*~tactically~*~*~ (stealth).
  2233 | D:2      | 2233 ||| READING scroll labelled QEOK ELITWOOGH.
  2356 | D:2      | 2356 ||| READING scroll labelled ELEMIRHOWK.
  2357 | D:2      | 2357 ||| DRINKING 2 purple potions.
  2358 | D:2      | 2358 ||| DROPPING potion of degeneration.
  2723 | D:3      | Reached XP level 4. HP: 26/26 MP: 8/8
  2802 | D:3      | 2802 ||| Stepping ~*~*~tactically~*~*~ (hiding).
  2897 | D:3      | Reached skill level 5 in Axes
  3404 | D:3      | 3404 ||| READING scroll labelled JATOES OFYF.
  3462 | D:4      | 3462 ||| STAIRDANCE
  3586 | D:4      | 3586 ||| STAIRDANCE
  3643 | D:4      | 3643 ||| STAIRDANCE
  3656 | D:4      | Gained mutation: Your magical nature lets you fly swiftly
                  | and evasively. [Tengu growth]
  3656 | D:4      | Reached XP level 5. HP: 15/30 MP: 9/9
  3838 | D:4      | Reached skill level 6 in Axes
  4093 | D:4      | 4093 ||| Stepping ~*~*~tactically~*~*~ (stealth).
  4095 | D:4      | 4095 ||| Stepping ~*~*~tactically~*~*~ (hiding).
  4105 | D:4      | HP: 6/30 [poisoned by an orc]
  4105 | D:4      | HP: 1/30 [orc/+0 whip of venom (5)]
  4106 | D:4      | 4106 ||| READING 4 scrolls of teleportation.
  4106 | D:4      | Succumbed to an orc's poison

Levels and vault maps discovered:
D:1:      dpeg_arrival_court, layout_basic, hellmonk_ecumenical_altar_run_dry,
          hex_large, roderic_lattice_a
D:2:      layout_loops_ring, hangedman_decor_slide_cut
D:3:      layout_loops_ring
D:4:      layout_rooms, nicolae_ru_great_annihilating_truth

Skill      XL: |  1  2  3  4  5 |
---------------+----------------+-----
Axes           | 4 5 6 |  6.6
Fighting       | |  2.0
Throwing       | |  1.0
Armour         | |  1.1
Dodging        | |  2.1
Spellcasting   | |  2.0
Translocations | |  2.4

Action                   |  1- 3 |  4- 6 || total
-------------------------+-------+-------++-------
Melee: Hand axe          |    59 |    67 ||   126
       Kick              |    13 |    16 ||    29
       Peck              |     8 |    10 ||    18
Throw: Javelin           |    30 |     6 ||    36
       Boomerang         |     7 |       ||     7
  Use: Scroll            |     7 |     2 ||     9
       Potion            |     2 |       ||     2
Armor: Leather armour    |     8 |    21 ||    29
Dodge: Dodged            |    30 |    45 ||    75

Table legend:
 A = Non-vault XP
 B = Vault XP
 C = Vault XP percentage of total XP
 D = Non-vault monster count
 E = Vault monster count
 F = Vault count percentage of total count
                 A         B        C        D         E       F
            +---------+---------+-------+---------+---------+-------
      Total |     313 |       0 |   0.0 |      55 |       0 |   0.0
            +---------+---------+-------+---------+---------+-------
        D:1 |      19 |       0 |   0.0 |      12 |       0 |   0.0
        D:2 |      41 |       0 |   0.0 |      14 |       0 |   0.0
        D:3 |      84 |       0 |   0.0 |      23 |       0 |   0.0
        D:4 |     169 |       0 |   0.0 |       6 |       0 |   0.0
            +---------+---------+-------+---------+---------+-------
